 Dungeon Crawl Stone Soup version 0.25-a0-1133-g93ebf739aa (webtiles) character file.

Game seed: 1102750148619916980, levelgen mode: deterministic

147 HoaS the Ruffian (level 5, 0/34 HPs)
             Began as a Gargoyle Berserker on May 20, 2020.
             Was a Believer of Trog.
             Blown up by Ijyb (20 damage)
             ... with a disintegration bolt
             ... on level 3 of the Dungeon.
             The game lasted 00:05:53 (2583 turns).

HoaS the Ruffian (Gargoyle Berserker)               Turns: 2583, Time: 00:05:53

Health: 0/34       AC: 16    Str: 21    XL:     5   Next: 29%
Magic:  5/5        EV:  6    Int:  7    God:    Trog [**....]
Gold:   106        SH:  0    Dex: 10    Spells: 4/4 levels left

rFire    . . .     SeeInvis .     - Unarmed
rCold    . . .     Gourm    .   (no shield)
rNeg     + . .     Faith    .   k - +0 plate armour
rPois    ∞         Spirit   .   o - +2 hat
rElec    +         Reflect  .   (no cloak)
rCorr    .         Harm     .   (no gloves)
MR       .....                  (no boots)
Stlth    ..........             (no amulet)
HPRegen  0.11/turn              (no ring)
MPRegen  0.09/turn              (no ring)

@: no status effects
A: negative energy resistance 1, electricity resistance, unbreathing,
petrification resistance, rot immunity, AC +4
a: Berserk, Trog's Hand, Renounce Religion


You were on level 3 of the Dungeon.
You worshipped Trog.
Trog was pleased with you.
You were not hungry.

You visited 1 branch of the dungeon, and saw 3 of its levels.

You collected 106 gold pieces.

Inventory:

Armour
 k - a +0 plate armour (worn)
 o - a +2 hat (worn)
Jewellery
 p - an uncursed amulet of regeneration
Wands
 m - a wand of random effects (21)
Scrolls
 a - 2 scrolls of teleportation {unknown}
 c - a scroll of noise {unknown}
 e - a scroll of remove curse {unknown}
 i - 9 scrolls of identify {unknown}
 j - 2 scrolls of amnesia {unknown}
 l - a scroll of enchant weapon {unknown}
 q - a scroll of random uselessness {unknown}
Potions
 d - 2 potions of resistance {unknown}
 f - 3 potions of curing {unknown}
 g - a potion of brilliance {unknown}
 h - a potion of degeneration {unknown}
 n - a potion of mutation {unknown}
 r - a potion of might {unknown}
Comestibles
 b - 3 rations
 s - 10 chunks of flesh


   Skills:
 + Level 4.5 Fighting
 - Level 2.1 Armour
 - Level 1.5 Dodging
 * Level 5.0 Unarmed Combat


You had 4 spell levels left.
You didn't know any spells.
Your spell library was empty.

Dungeon Overview and Level Annotations

Branches:
Dungeon (3/15)

Altars:
Nemelex Xobeh
Trog

Annotations:
D:3 Ijyb


Innate Abilities, Weirdness & Mutations

You are resistant to torment.
Your stone body is resilient. (AC +4)
You are immune to poison.
You resist negative energy. (rN+)
You are resistant to electric shocks. (rElec)
You can survive without breathing.
You are immune to petrification.
You are immune to rotting.


Message History

You kill the hobgoblin!
Trog accepts your kill.
No target in view!
HP restored.
You now have 106 gold pieces (gained 17).
A goblin comes into view. It is wielding a +0 club.
The goblin shouts!
Ijyb the Twisted Goblin comes into view.
She is wielding a +0 club and carrying a wand of disintegration (13).
Ijyb shouts!
Found a dagger.
Found a bloodstained altar of Trog.
The goblin hits you but does no damage.
You punch the goblin!
You kill the goblin!
Trog accepts your kill.
Ijyb zaps a wand.
You are blasted!
You see here a +0 club.
Ijyb hits you but does no damage.
You closely miss Ijyb.
Ijyb zaps a wand.
You are blasted!
Ouch! That really hurt!
You die...

## ..##
#######....#
#...)@g.._.#
#.######...#
#.#########.#..#
##
#.........#....#
.######.#......##
.#÷>.(..##.#.###
..)<.(#.##...#
..)...#.######
......#.#


You could see Ijyb.

Vanquished Creatures
  Terence (D:2)
  Natasha (thrice) (D:2)
  A worm (D:2)
  A dart slug (D:1)
  A leopard gecko (D:2)
  2 bats (D:1)
  4 giant cockroaches
  8 goblins
  6 hobgoblins
  3 jackals (D:3)
  A ball python (D:2)
  3 frilled lizards
  5 kobolds
39 creatures vanquished.

Notes
Turn   | Place    | Note
-------+----------+-------------------------------------------
     0 | D:1      | HoaS the Gargoyle Berserker began the quest for the Orb.
     0 | D:1      | Reached XP level 1. HP: 14/14 MP: 1/1
   454 | D:1      | Reached XP level 2. HP: 10/19 MP: 2/2
  1456 | D:2      | Noticed Terence
  1479 | D:2      | Killed Terence
  1479 | D:2      | Reached skill level 4 in Unarmed Combat
  1479 | D:2      | Reached XP level 3. HP: 15/24 MP: 3/3
  1687 | D:2      | Noticed Natasha
  1703 | D:2      | Killed Natasha
  1703 | D:2      | Reached XP level 4. HP: 9/29 MP: 4/4
  1710 | D:2      | Noticed Natasha
  1718 | D:2      | Killed Natasha
  2140 | D:2      | Found a sparkling altar of Nemelex Xobeh.
  2166 | D:2      | Noticed Natasha
  2179 | D:2      | Killed Natasha
  2179 | D:2      | Reached ** piety under Trog
  2179 | D:2      | Reached XP level 5. HP: 26/34 MP: 5/5
  2276 | D:2      | Reached skill level 5 in Unarmed Combat
  2578 | D:3      | Found a bloodstained altar of Trog.
  2578 | D:3      | Noticed Ijyb
  2583 | D:3      | Blown up by Ijyb

Illustrated notes

Levels and vault maps discovered:
D:1:      beargit_arrival_greenhouse, layout_basic
D:2:      layout_basic, nemelex_xobeh_ov_fountains_minmay, uniq_natasha,
          uniq_terence
D:3:      layout_basic, bloody_trog, uniq_ijyb

Skill      XL: |  1  2  3  4  5 |
---------------+----------------+-----
Unarmed Combat | 4 5 |  5.0
Fighting       | 4 |  4.5
Armour         | |  2.1
Dodging        | |  1.5

Action                   |  1- 3 |  4- 6 || total
-------------------------+-------+-------++-------
Melee: Unarmed           |   124 |    88 ||   212
       Punch             |     1 |     1 ||     2
Invok: Berserk           |     1 |     1 ||     2
  Eat: Chunk             |     3 |     4 ||     7
Armor: Animal skin       |    25 |       ||    25
       Ring mail         |     5 |       ||     5
       Chain mail        |    17 |     1 ||    18
       Plate armour      |       |    39 ||    39
Dodge: Dodged            |    69 |    33 ||   102

Table legend:
 A = Non-vault XP
 B = Vault XP
 C = Vault XP percentage of total XP
 D = Non-vault monster count
 E = Vault monster count
 F = Vault count percentage of total count
                 A         B        C        D         E       F
            +---------+---------+-------+---------+---------+-------
      Total |     139 |      71 |  33.8 |      37 |       2 |   5.1
            +---------+---------+-------+---------+---------+-------
        D:1 |      32 |       0 |   0.0 |      16 |       0 |   0.0
        D:2 |      92 |      71 |  43.6 |      13 |       2 |  13.3
        D:3 |      15 |       0 |   0.0 |       8 |       0 |   0.0
            +---------+---------+-------+---------+---------+-------
